 Dungeon Crawl Stone Soup version 0.31-a0-232-gb1c03b2570 (webtiles) character file.

Game seed: 8374481181705714576

410 qw the Shooter (level 6, -2/53 HPs)
             Began as a Minotaur Hexslinger on July 6, 2023.
             Killed by divine providence
             ... invoked by an orc priest
              (17 damage)
             ... on level 5 of the Dungeon.
             The game lasted 00:01:08 (3658 turns).

qw the Shooter (Minotaur Hexslinger)                Turns: 3658, Time: 00:01:09

Health: -2/53      AC:  5    Str: 12    XL:     6   Next: 58%
Magic:  6/6        EV: 16    Int: 10    God:
Gold:   174        SH:  5    Dex: 15    Spells: 6/7 levels left

rFire   . . .        Y - +0 orcbow (flame)
rCold   . . .        (shield currently unavailable)
rNeg    . . .        g - +0 ring mail
rPois   .            (helmet restricted)
rElec   .            (no cloak)
rCorr   .            (no gloves)
SInv    .            (no boots)
Will    .....        b - amulet of reflection
Stlth   +            h - +5 ring of evasion
HPRegen 0.28/turn    (no ring)
MPRegen 0.10/turn

%: reflection
@: lethally poisoned (-2 -> -4)
A: horns 2, retaliatory headbutt
a: no special abilities


You were on level 5 of the Dungeon.
You visited 2 branches of the dungeon, and saw 6 of its levels.

You collected 227 gold pieces.
You spent 53 gold pieces at shops.


Innate Abilities, Weirdness & Mutations

You have a pair of horns on your head.
You reflexively headbutt those who attack you in melee.


   Skills:
 - Level 4.3 Fighting
 + Level 6.5 Ranged Weapons
 - Level 1.4 Armour
 - Level 2.1 Dodging
 - Level 1.0 Spellcasting
 - Level 2.0 Hexes


You had 6 spell levels left.
You knew the following spells:

 Your Spells              Type           Power      Damage    Failure   Level
a - Slow                  Hex            16%        N/A       32%         1

Your spell library contained the following spells:

 Spells                   Type           Power      Damage    Failure   Level
 Inner Flame              Hex/Fire       2%         N/A       83%         3
 Portal Projectile        Hex/Tloc       4%         N/A       83%         3
 Cause Fear               Hex            2%         N/A       97%         4

Inventory:

Hand Weapons
 Y - a +0 orcbow of flaming (weapon)
Armour
 g - a +0 ring mail (worn)
Jewellery
 b - an amulet of reflection (around neck)
 h - a +5 ring of evasion (left hand)
Scrolls
 d - a scroll of enchant armour
Potions
 c - a potion of mutation {unknown}
 e - a potion of enlightenment {unknown}
 f - a potion of heal wounds {unknown}
 i - a potion of lignification {unknown}

Dungeon Overview and Level Annotations

Branches:
Dungeon (5/15)             Temple (1/1) D:4

Altars:
Ashenzari
Dithmenos
Elyvilon
Gozag
Kikubaaqudgha
Makhleb
Nemelex Xobeh
Ru
Sif Muna
Vehumet
Wu Jian
Xom
Zin

Shops:
D:4 (([*(   D:5 :

Annotations:
D:3 1 runed translucent door, Crazy Yiuf


Message History

You shoot an arrow. The arrow closely misses the adder.
You feel sick. The adder misses you.
The orc hits you from afar with a +0 trident.
A worm comes into view.
The adder barely misses you.
You shoot an arrow. The arrow misses the adder.
You feel sick. The orc barely misses you. The orc priest misses you.
You furiously retaliate!
You headbutt the orc priest. The adder bites you.
You are more poisoned.
The adder poisons you! The orc priest misses you. The orc barely misses you.
The adder bites you but does no damage.
You shoot an arrow. The arrow hits the orc priest.
The arrow burns the orc priest.
The orc priest is heavily wounded.
You feel very sick. The adder bites you. The orc closely misses you.
The orc priest misses you.
You shoot an arrow.
The arrow hits the orc priest but does no damage.
The orc priest is heavily wounded.
You feel sick. The adder bites you but does no damage.
The orc barely misses you.
The orc priest mumbles some strange prayers to Beogh against you.
Beogh smites you! The adder closely misses you.
You shoot an arrow.
The arrow closely misses the orc priest.
The arrow closely misses the orc wizard.
You feel sick. The adder closely misses you. You block the orc's attack.
The orc priest hits you with a +4 mace of protection.
You block the adder's attack. The orc misses you.
The orc priest casts a cantrip, but nothing happens.
The orc wizard gestures wildly while chanting.
The orc wizard flickers and vanishes!
Deactivating autopickup; reactivate with Ctrl-A.
You shoot an arrow. The arrow hits the orc priest.
The arrow burns the orc priest.
The orc priest is almost dead.
You feel sick. You block the adder's attack. You block the orc's attack.
The orc priest calls down the wrath of Beogh upon you.
Beogh smites you!
You die...

....... ...........
#........ ......... ..
.(....... ...........#
......... #...... .<.#
.#####..## ..... #....
.#..;#...#####..###.....
.#####[.....#....#......
.w.\...S...##....>......
.#####.@......#.........
.#..;#.oo....####.......
.#####o..#..###.........
.....5.o##.##...........
......####.......>.....#
...... ..............#
...... .............###
...... ##..........%.#Sl
...........###


You could see a walking earthen tome, a walking crystal tome, a worm, an orc
priest, an adder, a white imp and 3 orcs.

Vanquished Creatures
  An ogre (D:3)
  A scorpion (D:5)
  A hound (D:4)
  An iguana (D:4)
  Natasha (thrice) (D:3)
  4 gnolls (D:3)
  5 adders
  2 dart slugs
  7 ball pythons
  4 bats
  3 endoplasms
  6 giant cockroaches
  7 goblins
  4 hobgoblins
  3 quokkas (D:1)
  A frilled lizard (D:1)
  2 kobolds
  6 rats
61 creatures vanquished.

Notes
Turn   | Place    | Note
-------+----------+-------------------------------------------
     0 | D:1      | qw the Minotaur Hexslinger began the quest for the Orb.
     0 | D:1      | Reached XP level 1. HP: 16/16 MP: 1/1
     0 | D:1      | 0 ||| qw: Version: 0.3-a-46-gb1f654a
     0 | D:1      | 0 ||| qw: Game counter: 2071
     0 | D:1      | 0 ||| qw: Melee chars always use a shield: true
     0 | D:1      | 0 ||| qw: God list: Okawaru
     0 | D:1      | 0 ||| qw: Allow faded altars: false
     0 | D:1      | 0 ||| qw: Do Orc after clearing Dungeon:15 true
     0 | D:1      | 0 ||| qw: Do second Lair branch before Depths: true
     0 | D:1      | 0 ||| qw: Lair rune preference: random
     0 | D:1      | 0 ||| qw: Goals: Normal
     0 | D:1      | 0 ||| PLANNING D:1-11
     3 | D:1      | 3 ||| DROPPING scroll of poison.
    80 | D:1      | Reached skill level 3 in Ranged Weapons
    80 | D:1      | Reached XP level 2. HP: 23/23 MP: 2/2
   403 | D:1      | 403 ||| READING scroll labelled SET QYOBIKLICS.
   404 | D:1      | 404 ||| READING scroll labelled TINOPA PELUEVU.
   470 | D:2      | Reached XP level 3. HP: 22/29 MP: 3/3
   706 | D:2      | Reached skill level 4 in Ranged Weapons
   726 | D:2      | Identified the +1 spear of Watchfulness {flame, *Rage Dex+7
                  | Stlth+}
  1069 | D:2      | 1069 ||| UPGRADING to +0 leather armour.
  1079 | D:2      | 1079 ||| DROPPING +0 robe.
  1080 | D:2      | 1080 ||| UPGRADING to amulet of reflection.
  1085 | D:2      | 1085 ||| READING 3 scrolls labelled ILANNOHUXO.
  1086 | D:2      | 1086 ||| READING 2 scrolls of brand weapon.
  1086 | D:2      | 1086 ||| BRANDING +1 sling of electrocution.
  1087 | D:2      | 1087 ||| READING scroll of brand weapon.
  1087 | D:2      | 1087 ||| BRANDING +1 sling of freezing.
  1088 | D:2      | 1088 ||| READING scroll labelled LOTTODIFOCS.
  1144 | D:3      | Noticed Natasha
  1150 | D:3      | Killed Natasha
  1151 | D:3      | Reached XP level 4. HP: 17/36 MP: 4/4
  1175 | D:3      | Noticed Natasha
  1176 | D:3      | 1176 ||| FLEEEEING.
  1258 | D:3      | HP: 8/36 [gnoll/+0 halberd (5)]
  1259 | D:3      | Reached skill level 5 in Ranged Weapons
  1470 | D:3      | Noticed an ogre
  1474 | D:3      | Killed an ogre
  1475 | D:3      | Reached XP level 5. HP: 47/47 MP: 5/5
  1552 | D:3      | Killed Natasha
  1798 | D:3      | Found a runed translucent door.
  1799 | D:3      | Noticed Crazy Yiuf
  1859 | D:3      | Noticed Natasha
  1865 | D:3      | Killed Natasha
  2087 | D:3      | 2087 ||| UPGRADING to +0 ring mail.
  2097 | D:3      | 2097 ||| DROPPING +0 leather armour.
  2098 | D:3      | 2098 ||| UPGRADING to +5 ring of evasion.
  2099 | D:3      | 2099 ||| READING 2 scrolls labelled RAPLIO SAFOAJ.
  2100 | D:3      | 2100 ||| READING scroll labelled SEWESA CUNKILI.
  2100 | D:3      | Identified a scroll of acquirement
  2100 | D:3      | 2100 ||| ACQUIRING +0 orcbow of flaming
  2100 | D:3      | Acquired a +0 orcbow of flaming
  2102 | D:3      | 2102 ||| SWAPPING to +0 orcbow of flaming.
  2103 | D:3      | 2103 ||| DROPPING +1 heavy sling.
  2159 | D:4      | Found Ogukhlebb's Weapon Boutique.
  2167 | D:4      | 2167 ||| SHOPLISTING +8 longbow "Zephyr" {speed, Dex+3
                  | SInv} (1001 gold, have 164).
  2422 | D:4      | Found Gemaw's Assorted Antiques.
  2425 | D:4      | 2425 ||| BUYING murky red potion (25 gold).
  2425 | D:4      | Bought a murky red potion for 25 gold pieces
  2425 | D:4      | 2425 ||| BUYING scroll labelled CUNIUN OJU UKH (28 gold).
  2425 | D:4      | Bought a scroll labelled CUNIUN OJU UKH for 28 gold pieces
  2473 | D:4      | Found a staircase to the Ecumenical Temple.
  2474 | D:4      | 2474 ||| PLANNING TEMPLE
  2474 | D:4      | 2474 ||| READING scroll labelled CUNIUN OJU UKH.
  2496 | Temple   | Entered the Ecumenical Temple
  2633 | Temple   | 2633 ||| PLANNING D:1-11
  2853 | D:4      | Found Qavuf's Weapon Shoppe.
  2868 | D:4      | Reached skill level 1 in Armour
  2868 | D:4      | Reached XP level 6. HP: 53/53 MP: 6/6
  2984 | D:4      | Found Tarresto's Armour Boutique.
  3241 | D:4      | Found Tepramaj's Antique Weapon Shoppe.
  3526 | D:4      | 3526 ||| DROPPING amulet of magic regeneration.
  3527 | D:4      | 3527 ||| DROPPING amulet of guardian spirit.
  3565 | D:5      | Entered Level 5 of the Dungeon
  3574 | D:5      | Reached skill level 6 in Ranged Weapons
  3577 | D:5      | Noticed an ice beast
  3643 | D:5      | Found Fuuxzemept's Book Shoppe.
  3643 | D:5      | Noticed a walking crystal tome
  3643 | D:5      | Noticed a walking earthen tome
  3647 | D:5      | 3647 ||| READING scroll labelled VAISHR FADIT.
  3658 | D:5      | Killed from afar by an orc priest

Levels and vault maps discovered:
D:1:      zelgadis_glass_arrival_small, layout_rooms, chequers_mini_garden,
          dreamdust_princess_bridge
D:2:      layout_loops_ring
D:3:      layout_basic, serial_aquarium, aquarium_bridge_square
          [aquarium_subvault_balcony, aquarium_subvault_bridge,
          aquarium_subvault_bridge, aquarium_subvault_balcony],
          aquarium_window_fake, aquarium_window_1, aquarium_view_2d,
          aquarium_view_2f, chequers_serial_rivers_micro_b, uniq_natasha,
          uniq_crazy_yiuf_cottage
D:4:      layout_layer_cave, minmay_temple_entry_waves, serial_shops,
          nicolae_diamond_shop, shop, kennysheep_mini_moat, shop, shop
D:5:      layout_cave_pools, serial_shops, nicolae_shop_mannequins,
          nicolae_fountain_basement
Temple:   nicolae_temple_bog_church

Skill      XL: |  1  2  3  4  5  6 |
---------------+-------------------+-----
Ranged Weapons | 3 4 5 6 |  6.5
Fighting       | 2 4 |  4.3
Armour         | 1 |  1.4
Dodging        | |  2.1
Spellcasting   | |  1.0
Hexes          | |  2.0

Action                     |  1- 3 |  4- 6 || total
---------------------------+-------+-------++-------
   Fire: Sling             |   104 |    35 ||   139
         Orcbow            |       |    68 ||    68
    Use: Scroll            |     6 |     4 ||    10
 Armour: Robe              |     9 |       ||     9
         Leather armour    |     2 |       ||     2
         Ring mail         |       |     6 ||     6
  Dodge: Dodged            |    38 |    53 ||    91
  Block: Other             |     1 |    18 ||    19

Table legend:
 A = Non-vault XP
 B = Vault XP
 C = Vault XP percentage of total XP
 D = Non-vault monster count
 E = Vault monster count
 F = Vault count percentage of total count
                 A         B        C        D         E       F
            +---------+---------+-------+---------+---------+-------
      Total |     550 |      36 |   6.1 |      60 |       1 |   1.6
            +---------+---------+-------+---------+---------+-------
        D:1 |      32 |       0 |   0.0 |      18 |       0 |   0.0
        D:2 |      39 |       0 |   0.0 |      17 |       0 |   0.0
        D:3 |     256 |      36 |  12.3 |      13 |       1 |   7.1
        D:4 |     100 |       0 |   0.0 |       7 |       0 |   0.0
        D:5 |     123 |       0 |   0.0 |       5 |       0 |   0.0
            +---------+---------+-------+---------+---------+-------
